[Event "Nordic Chess-ch 2019"]
[Site "Sarpsborg"]
[Date "2019.06.22"]
[Round "3.13"]
[White "Hobber, Anders"]
[Black "Hamre, Kenneth"]
[Result "1-0"]
[ECO "A46"]
[WhiteElo "2282"]
[BlackElo "2033"]
[Annotator "ChessBase"]
[PlyCount "81"]
[EventDate "2019.06.21"]
[EventType "swiss"]
[EventCountry "NOR"]
[SourceTitle "playchess.com"]
[Source "ChessBase"]
[SourceQuality "1"]
[TimeControl "40/5400+30:1800+30"]

1. d4 Nf6 2. Nf3 c5 3. c3 e6 4. Bg5 Nc6 5. e3 Qb6 6. Qc2 Be7 7. Nbd2 d5 8. Bd3 h6 9. Bh4 Bd7 10. Rb1 Rc8 11. Qd1 c4 12. Bc2 Qc7 13. Bg3 Bd6 14. Bxd6 Qxd6 15. e4 dxe4 16. Nxc4 Qd5 17. Ne3 Qa5 18. Nd2 O-O 19. O-O Qxa2 20. Ndc4 Qa6 21. Nd6 Rb8 22. Nxe4 Nxe4 23. Bxe4 b5 24. Bc2 Ne7 25. Qd3 f5 26. Rfe1 Qd6 27. Ra1 Rb7 28. Bb3 Kh8 29. Nf1 Ng6 30. Qg3 Nf4 31. Nd2 Rf6 32. Qe3 Rg6 33. g3 Bc6 34. Qe5 Qxe5 35. Rxe5 Bd5 36. Bxd5 Nxd5 37. Nb3 Re7 38. Ra6 Nf4 39. Nc5 Kh7 40. Kf1 Nd5 41. Nxe6 1-0

[Event "Nordic Chess-ch 2019"]
[Site "Sarpsborg"]
[Date "2019.06.22"]
[Round "3.14"]
[White "Unneland, Mathias"]
[Black "Ingebretsen, Jens E"]
[Result "0-1"]
[ECO "E11"]
[WhiteElo "1980"]
[BlackElo "2263"]
[Annotator "ChessBase"]
[PlyCount "56"]
[EventDate "2019.06.21"]
[EventType "swiss"]
[EventCountry "NOR"]
[SourceTitle "playchess.com"]
[Source "ChessBase"]
[SourceQuality "1"]
[TimeControl "40/5400+30:1800+30"]

1. d4 Nf6 2. c4 e6 3. Nf3 Bb4+ 4. Bd2 Qe7 5. Nc3 Bxc3 6. Bxc3 Ne4 7. Qc2 Nxc3 8. Qxc3 O-O 9. e3 b6 10. Be2 Bb7 11. O-O d6 12. Rac1 Nd7 13. Nd2 e5 14. e4 exd4 15. Qxd4 f5 16. Rce1 c5 17. Qc3 f4 18. Bf3 Ne5 19. g3 Qf7 20. Bh1 Bc8 21. f3 Be6 22. b3 Qh5 23. Rf2 Rf6 24. Rd1 fxg3 25. hxg3 Rh6 26. Bg2 Qh2+ 27. Kf1 Qxg3 28. Ke2 Ng4 0-1

[Event "Nordic Chess-ch 2019"]
[Site "Sarpsborg"]
[Date "2019.06.22"]
[Round "3.15"]
[White "Vitenberg, Noam Aviv"]
[Black "Nilsen, Tobias Lang"]
[Result "1-0"]
[ECO "A34"]
[WhiteElo "2256"]
[BlackElo "1986"]
[Annotator "ChessBase"]
[PlyCount "55"]
[EventDate "2019.06.21"]
[EventType "swiss"]
[EventCountry "NOR"]
[SourceTitle "playchess.com"]
[Source "ChessBase"]
[SourceQuality "1"]
[TimeControl "40/5400+30:1800+30"]

1. c4 c5 2. Nc3 Nc6 3. Nf3 Nf6 4. e3 d5 5. cxd5 Nxd5 6. Bc4 e6 7. O-O Be7 8. Bxd5 exd5 9. d4 cxd4 10. Nxd4 O-O 11. Nxc6 bxc6 12. b3 Ba6 13. Re1 Bb4 14. Bb2 c5 15. a3 Bxc3 16. Bxc3 Bb7 17. Qg4 f6 18. Rac1 Re8 19. Red1 Re4 20. Qf5 d4 21. Qxc5 Rg4 22. g3 d3 23. Qb5 Be4 24. Qc4+ Kh8 25. h3 Qd7 26. Be1 Qb7 27. hxg4 Bh1 28. e4 1-0

[Event "Nordic Chess-ch 2019"]
[Site "Sarpsborg"]
[Date "2019.06.22"]
[Round "3.16"]
[White "Tenold, Andreas"]
[Black "Haugli, Petter"]
[Result "1/2-1/2"]
[ECO "E84"]
[WhiteElo "1959"]
[BlackElo "2223"]
[Annotator "ChessBase"]
[PlyCount "92"]
[EventDate "2019.06.21"]
[EventType "swiss"]
[EventCountry "NOR"]
[SourceTitle "playchess.com"]
[Source "ChessBase"]
[SourceQuality "1"]
[TimeControl "40/5400+30:1800+30"]

1. d4 Nf6 2. c4 g6 3. Nc3 Bg7 4. e4 d6 5. f3 O-O 6. Be3 Nc6 7. Nge2 a6 8. Qd2 Rb8 9. Nc1 e5 10. d5 Nd4 11. Nb3 Nxb3 12. axb3 c5 13. g4 Bd7 14. Bd3 Ne8 15. O-O Nc7 16. Kh1 Qe7 17. Ne2 b5 18. Rfb1 Rb7 19. Bc2 Rd8 20. Ra2 Bf6 21. Ng3 Bh4 22. Kg2 f6 23. Rba1 Bg5 24. Bxg5 fxg5 25. h3 Rdb8 26. Rb1 Qf6 27. Qe3 Kg7 28. Qd2 Rh8 29. Qc3 h5 30. Raa1 bxc4 31. bxc4 Rb4 32. b3 Kf8 33. Rh1 Ke7 34. Qe3 Rbb8 35. Ne2 Rh7 36. Qd2 Rf7 37. Raf1 Rb4 38. Ng3 Rh7 39. Ra1 Rh8 40. Ne2 Rf8 41. Rhf1 Rfb8 42. Ra5 R4b6 43. Nc3 Rh8 44. Ne2 Rbb8 45. Raa1 Rhf8 46. Qe3 Rf7 1/2-1/2

[Event "Nordic Chess-ch 2019"]
[Site "Sarpsborg"]
[Date "2019.06.22"]
[Round "3.17"]
[White "Ptacnikova, Lenka"]
[Black "Stellas, Dimitrios"]
[Result "1/2-1/2"]
[ECO "B19"]
[WhiteElo "2145"]
[BlackElo "1976"]
[Annotator "ChessBase"]
[PlyCount "112"]
[EventDate "2019.06.21"]
[EventType "swiss"]
[EventCountry "NOR"]
[SourceTitle "playchess.com"]
[Source "ChessBase"]
[SourceQuality "1"]
[TimeControl "40/5400+30:1800+30"]

1. e4 c6 2. d4 d5 3. Nd2 dxe4 4. Nxe4 Bf5 5. Ng3 Bg6 6. Nf3 Nd7 7. h4 h6 8. h5 Bh7 9. Bd3 Bxd3 10. Qxd3 e6 11. Ne4 Ngf6 12. Bd2 Nxe4 13. Qxe4 Nf6 14. Qe2 Be7 15. O-O-O Qd5 16. c4 Qe4 17. Qxe4 Nxe4 18. Be3 O-O 19. Ne5 Rfd8 20. g4 c5 21. f3 cxd4 22. Rxd4 Rxd4 23. Bxd4 Nd6 24. Kb1 Bf6 25. b3 Rd8 26. Bb2 Nc8 27. Kc2 Kf8 28. Re1 Ke8 29. Re3 a6 30. Bc3 Bxe5 31. Rxe5 Ne7 32. Re2 Kf8 33. Rd2 Rxd2+ 34. Bxd2 Nc6 35. Kd3 Ke7 36. Ke4 f6 37. Bc1 Ne5 38. Ba3+ Ke8 39. Bd6 Nf7 40. Bf4 Kd7 41. Bd2 Nd6+ 42. Kd4 Kc6 43. f4 f5 44. g5 Ne4 45. gxh6 gxh6 46. Bb4 Ng3 47. Bf8 Nxh5 48. Bxh6 Ng3 49. Kd3 Ne4 50. Bg7 Ng3 51. Bc3 Ne4 52. Bd4 Nd6 53. Be5 Ne4 54. Bd4 Nd6 55. Be5 Ne4 56. Bd4 Nd6 1/2-1/2

[Event "Nordic Chess-ch 2019"]
[Site "Sarpsborg"]
[Date "2019.06.22"]
[Round "3.18"]
[White "Sahl, Sheila Barth"]
[Black "Schouten, Mathias Lind"]
[Result "1-0"]
[ECO "A43"]
[WhiteElo "2127"]
[BlackElo "1967"]
[Annotator "ChessBase"]
[PlyCount "51"]
[EventDate "2019.06.21"]
[EventType "swiss"]
[EventCountry "NOR"]
[SourceTitle "playchess.com"]
[Source "ChessBase"]
[SourceQuality "1"]
[TimeControl "40/5400+30:1800+30"]

1. d4 Nf6 2. Bf4 g6 3. Nc3 c5 4. d5 d6 5. e4 Bg7 6. Nf3 Bg4 7. Be2 Bxf3 8. Bxf3 Nbd7 9. O-O O-O 10. a4 a6 11. Re1 Ne8 12. Qd2 Nc7 13. a5 Nb5 14. Nd1 Nd4 15. Be2 Nxe2+ 16. Qxe2 b5 17. axb6 Qxb6 18. h4 Rfb8 19. h5 a5 20. hxg6 hxg6 21. Ra3 Qb5 22. Qg4 Ne5 23. Qh4 Kf8 24. Rh3 Bf6 25. Bg5 Bxg5 26. Qh8# 1-0

[Event "Nordic Chess-ch 2019"]
[Site "Sarpsborg"]
[Date "2019.06.22"]
[Round "3.19"]
[White "Jashari, Driton"]
[Black "Neretljak, Nedzad"]
[Result "1-0"]
[ECO "C01"]
[WhiteElo "1755"]
[BlackElo "2114"]
[Annotator "ChessBase"]
[PlyCount "105"]
[EventDate "2019.06.21"]
[EventType "swiss"]
[EventCountry "NOR"]
[SourceTitle "playchess.com"]
[Source "ChessBase"]
[SourceQuality "1"]
[TimeControl "40/5400+30:1800+30"]

1. e4 e6 2. d4 d5 3. exd5 exd5 4. Nf3 Bd6 5. Bd3 Ne7 6. c4 c6 7. Bg5 Be6 8. c5 Bc7 9. O-O b6 10. Qc2 bxc5 11. dxc5 h6 12. Bh4 O-O 13. Re1 Qd7 14. Nd4 Re8 15. Nd2 a5 16. N2f3 Na6 17. a3 Bf4 18. Bg3 Bxg3 19. hxg3 Qc8 20. Rac1 Ra7 21. Nxe6 fxe6 22. Qe2 Nc7 23. g4 Kh8 24. Bc2 Rf8 25. Ne5 Ne8 26. f3 Nf6 27. Qd3 Qe8 28. f4 Ne4 29. Rxe4 dxe4 30. Qxe4 g6 31. Rd1 Kg8 32. Rd6 Nd5 33. Nxg6 Rf6 34. f5 Rg7 35. Ba4 Rgxg6 36. Bxc6 Qf8 37. Bxd5 Rg7 38. Bxe6+ Kh7 39. b4 axb4 40. axb4 Ra7 41. Qd4 Qg7 42. c6 Re7 43. b5 Qg5 44. Rd7 Rff7 45. Bxf7 Re1+ 46. Kf2 Qh4+ 47. g3 Qh2+ 48. Kxe1 Qxg3+ 49. Kd2 Qg2+ 50. Kc3 Qg3+ 51. Kc4 h5 52. Bxh5+ Kh6 53. Qg7# 1-0

[Event "Nordic Chess-ch 2019"]
[Site "Sarpsborg"]
[Date "2019.06.22"]
[Round "3.20"]
[White "Rishovd, Svein"]
[Black "Stabbetorp, Jon Anders"]
[Result "1-0"]
[ECO "E68"]
[WhiteElo "2113"]
[BlackElo "1817"]
[Annotator "ChessBase"]
[PlyCount "79"]
[EventDate "2019.06.21"]
[EventType "swiss"]
[EventCountry "NOR"]
[SourceTitle "playchess.com"]
[Source "ChessBase"]
[SourceQuality "1"]
[TimeControl "40/5400+30:1800+30"]

1. Nf3 Nf6 2. g3 g6 3. Bg2 Bg7 4. d4 d6 5. c4 Nbd7 6. O-O O-O 7. Nc3 Re8 8. e4 e5 9. b3 exd4 10. Nxd4 Nc5 11. f3 a5 12. Be3 Bd7 13. Ndb5 b6 14. Re1 Bc6 15. Qd2 Nfd7 16. Rad1 Ne5 17. Qc2 Bd7 18. f4 Nc6 19. a3 f5 20. Nd5 Rc8 21. Nxb6 cxb6 22. Nxd6 Nxe4 23. Nxe8 Qxe8 24. Bxb6 Qf7 25. Qd3 Rb8 26. Be3 Nf6 27. Bc5 Bf8 28. Bxf8 Qxf8 29. Qd6 Rc8 30. c5 Qxd6 31. Rxd6 Kf7 32. Red1 Rc7 33. Rb1 Ne8 34. Rxd7+ Rxd7 35. Bxc6 Rd3 36. Bxe8+ Kxe8 37. b4 Rxa3 38. b5 a4 39. b6 Rb3 40. Rxb3 1-0

[Event "Nordic Chess-ch 2019"]
[Site "Sarpsborg"]
[Date "2019.06.22"]
[Round "3.21"]
[White "Johansen, Kolbjorn-Albin"]
[Black "Wahlund, Max"]
[Result "1-0"]
[ECO "A45"]
[WhiteElo "1690"]
[BlackElo "2103"]
[Annotator "ChessBase"]
[PlyCount "85"]
[EventDate "2019.06.21"]
[EventType "swiss"]
[EventCountry "NOR"]
[SourceTitle "playchess.com"]
[Source "ChessBase"]
[SourceQuality "1"]
[TimeControl "40/5400+30:1800+30"]

1. d4 Nf6 2. Bf4 d6 3. Nc3 Nbd7 4. e4 e5 5. Be3 Be7 6. f3 c6 7. Qd2 b5 8. O-O-O Qa5 9. Kb1 b4 10. Nce2 Nb6 11. Nc1 Be6 12. Nh3 c5 13. d5 Nbxd5 14. exd5 Nxd5 15. Nb3 Qb6 16. Bf2 h6 17. Bc4 Nc7 18. Bxe6 fxe6 19. Qd3 O-O 20. Qg6 Qb5 21. Rhe1 c4 22. Nd2 d5 23. Rxe5 Bf6 24. f4 Bxe5 25. fxe5 c3 26. Nf3 Rf7 27. Be3 Kf8 28. Nf4 Re8 29. Nd4 Qa6 30. Nb3 cxb2 31. Qh7 Ke7 32. Qg6 Nb5 33. Bc5+ Kd8 34. Bxb4 Rxf4 35. Rxd5+ Kc7 36. Qxe8 exd5 37. Ba5+ Qxa5 38. Nxa5 Kb6 39. Qd8+ Ka6 40. Nb3 Na3+ 41. Kxb2 Nc4+ 42. Kc3 Nb6 43. Kd3 1-0

[Event "Nordic Chess-ch 2019"]
[Site "Sarpsborg"]
[Date "2019.06.22"]
[Round "3.22"]
[White "Gonzalez, Francisco Silva"]
[Black "Johansen, Torbjorn Reidar"]
[Result "1-0"]
[ECO "D62"]
[WhiteElo "2095"]
[BlackElo "1754"]
[Annotator "NA"]
[PlyCount "71"]
[EventDate "2019.06.21"]
[EventType "swiss"]
[EventCountry "NOR"]
[SourceTitle "playchess.com"]
[Source "ChessBase"]
[SourceQuality "1"]
[TimeControl "40/5400+30:1800+30"]

1. d4 Nf6 2. c4 e6 3. Nc3 d5 4. Bg5 Be7 5. e3 Nbd7 6. Nf3 O-O 7. Qc2 c5 8. cxd5 Nxd5 9. Nxd5 exd5 10. Bxe7 Qxe7 11. dxc5 Nxc5 12. Nd4 Ne6 13. Rd1 Nxd4 14. Rxd4 Be6 15. Bd3 g6 16. h4 Rfc8 17. Qb1 Rc5 18. O-O Rac8 19. Qd1 h5 20. Qf3 Rc1 21. Rxc1 Rxc1+ 22. Kh2 Ra1 23. Qg3 Kh7 24. Ra4 Qc5 25. Qe5 Bg4 26. Rf4 f5 27. Rc4 dxc4 28. Qxc5 cxd3 29. Qe7+ Kh6 30. Qd8 Kh7 31. f3 Rd1 32. fxg4 hxg4 33. Qd7+ Kh6 34. Qa4 Rf1 35. Qd4 Rd1 36. Qh8# 1-0

[Event "Nordic Chess-ch 2019"]
[Site "Sarpsborg"]
[Date "2019.06.22"]
[Round "3.23"]
[White "Blauhut, Anna"]
[Black "Fernandez, Juan Pablo"]
[Result "0-1"]
[ECO "B27"]
[WhiteElo "1156"]
[BlackElo "2066"]
[Annotator "NA"]
[PlyCount "48"]
[EventDate "2019.06.21"]
[EventType "swiss"]
[EventCountry "NOR"]
[SourceTitle "playchess.com"]
[Source "ChessBase"]
[SourceQuality "1"]
[TimeControl "40/5400+30:1800+30"]

1. e4 c5 2. Nf3 g6 3. c3 Bg7 4. d4 cxd4 5. cxd4 d5 6. e5 Nc6 7. Nc3 Bg4 8. h3 Bxf3 9. Qxf3 Nxd4 10. Qd1 Bxe5 11. Be3 Nf5 12. Bb5+ Kf8 13. Nxd5 Nxe3 14. Nxe3 Qa5+ 15. Qd2 Qxb5 16. Rb1 Nf6 17. b3 Ne4 18. Qc2 Bc3+ 19. Kd1 Rd8+ 20. Kc1 Bd2+ 21. Kb2 Qe5+ 22. Ka3 Qa5+ 23. Kb2 Bc3+ 24. Kc1 Qa3+ 0-1

[Event "Nordic Chess-ch 2019"]
[Site "Sarpsborg"]
[Date "2019.06.22"]
[Round "3.24"]
[White "Blauhut, Holger"]
[Black "Dingertz, Filip"]
[Result "1-0"]
[ECO "C54"]
[WhiteElo "2041"]
[BlackElo "1111"]
[Annotator "NA"]
[PlyCount "99"]
[EventDate "2019.06.21"]
[EventType "swiss"]
[EventCountry "NOR"]
[SourceTitle "playchess.com"]
[Source "ChessBase"]
[SourceQuality "1"]
[TimeControl "40/5400+30:1800+30"]

1. e4 e5 2. Nf3 Nc6 3. Bc4 Bc5 4. c3 Nf6 5. d3 O-O 6. Bb3 h6 7. h3 b6 8. Nbd2 Ba6 9. Bc2 d5 10. exd5 Qxd5 11. b4 Bxf2+ 12. Kxf2 Bxd3 13. c4 Qd7 14. Bxd3 Qxd3 15. Qb3 Qd6 16. Ba3 Nd4 17. Nxd4 Qxd4+ 18. Qe3 Qd7 19. Rhf1 Rad8 20. Rad1 Rfe8 21. Kg1 Qe6 22. Ne4 Rxd1 23. Rxd1 Kh7 24. Nxf6+ gxf6 25. Qd3+ f5 26. Qd7 Qxd7 27. Rxd7 Kg6 28. Kf2 e4 29. Ke2 f4 30. Rxc7 a6 31. Rc6+ Kg5 32. Bc1 b5 33. cxb5 axb5 34. Rc5+ f5 35. Rxb5 e3 36. a4 Rc8 37. Rc5 Ra8 38. a5 Rb8 39. b5 Ra8 40. b6 Rb8 41. Rc6 Ra8 42. b7 Rb8 43. a6 Rg8 44. Rc8 Rg6 45. a7 Kh4 46. Bxe3 fxe3 47. b8=Q Rxg2+ 48. Kxe3 Rg3+ 49. Qxg3+ Kxg3 50. Rg8+ 1-0

[Event "Nordic Chess-ch 2019"]
[Site "Sarpsborg"]
[Date "2019.06.22"]
[Round "3.25"]
[White "Asbjornsen, Jakob"]
[Black "Tunsjo, Axel"]
[Result "0-1"]
[ECO "B23"]
[WhiteElo "1359"]
[BlackElo "2002"]
[Annotator "NA"]
[PlyCount "56"]
[EventDate "2019.06.21"]
[EventType "swiss"]
[EventCountry "NOR"]
[SourceTitle "playchess.com"]
[Source "ChessBase"]
[SourceQuality "1"]
[TimeControl "40/5400+30:1800+30"]

1. e4 c5 2. Nc3 Nc6 3. Bb5 g6 4. Bxc6 bxc6 5. f4 Bg7 6. Nf3 d5 7. d3 Ba6 8. O-O Bxc3 9. bxc3 dxe4 10. Ne5 f6 11. Ng4 exd3 12. cxd3 Qxd3 13. Qxd3 Bxd3 14. Re1 h5 15. Nf2 Bf5 16. Ba3 c4 17. Rad1 Rd8 18. Ra1 Kf7 19. Bc5 a6 20. a3 Rd7 21. Ra2 Rd5 22. Bd4 Nh6 23. h3 Re8 24. Rb2 e5 25. Rb7+ Kg8 26. fxe5 c5 27. Be3 Rdxe5 28. Nd1 Bc2 0-1

[Event "Nordic Chess-ch 2019"]
[Site "Sarpsborg"]
[Date "2019.06.22"]
[Round "3.26"]
[White "Kreken, Eivind Grunt"]
[Black "Holand, Per Fredrik"]
[Result "1-0"]
[ECO "A70"]
[WhiteElo "1784"]
[BlackElo "1883"]
[Annotator "NA"]
[PlyCount "89"]
[EventDate "2019.06.21"]
[EventType "swiss"]
[EventCountry "NOR"]
[SourceTitle "playchess.com"]
[Source "ChessBase"]
[SourceQuality "1"]
[TimeControl "40/5400+30:1800+30"]

1. d4 Nf6 2. c4 c5 3. d5 e6 4. Nc3 exd5 5. cxd5 d6 6. e4 g6 7. Bd3 Bg7 8. h3 O-O 9. Nf3 a6 10. a4 Nbd7 11. O-O Rb8 12. Bf4 Ne8 13. Qc1 Ne5 14. Nxe5 dxe5 15. Be3 b6 16. a5 Nd6 17. axb6 c4 18. Be2 f5 19. f3 Rxb6 20. Bxb6 Qxb6+ 21. Kh1 Bd7 22. Qc2 Bh6 23. Na4 Qd8 24. Nc5 Bc8 25. Bxc4 Bf4 26. Ne6 Bxe6 27. dxe6 Kg7 28. Bd5 Qg5 29. Qf2 Be3 30. Qe2 Bf4 31. g4 h5 32. Qg2 hxg4 33. fxg4 Nxe4 34. Bxe4 fxe4 35. Qxe4 Qh4 36. Rf3 Rd8 37. e7 Qxe7 38. Rxa6 Rd6 39. Rxd6 Qxd6 40. Rd3 Qc7 41. Rc3 Qd7 42. Rc2 Qb5 43. Qf3 Qb4 44. Kg2 Qb6 45. h4 1-0

[Event "Nordic Chess-ch 2019"]
[Site "Sarpsborg"]
[Date "2019.06.22"]
[Round "3.27"]
[White "Eiding, Amanda Mai Irgens"]
[Black "Hanebuth, Katja"]
[Result "0-1"]
[ECO "B01"]
[WhiteElo "1655"]
[BlackElo "1463"]
[Annotator "NA"]
[PlyCount "132"]
[EventDate "2019.06.21"]
[EventType "swiss"]
[EventCountry "NOR"]
[SourceTitle "playchess.com"]
[Source "ChessBase"]
[SourceQuality "1"]
[TimeControl "40/5400+30:1800+30"]

1. e4 d5 2. exd5 Qxd5 3. Nc3 Qd6 4. d4 Nf6 5. Nf3 e6 6. Nb5 Qd8 7. Bf4 Bd6 8. Qd2 a6 9. Nxd6+ cxd6 10. g3 Nc6 11. Bg2 Ne4 12. Qd3 Qa5+ 13. Bd2 Nxd2 14. Nxd2 d5 15. O-O O-O 16. c4 Qd8 17. Rad1 Nb4 18. Qb3 Nc6 19. cxd5 Nxd4 20. Qc4 e5 21. Nb3 b5 22. Qd3 Bf5 23. Qe3 Nxb3 24. Qxb3 e4 25. Rfe1 Re8 26. Rd4 Qa5 27. Qb4 Qxb4 28. Rxb4 Rad8 29. g4 Bg6 30. Rd4 f5 31. gxf5 Bxf5 32. Re3 Rc8 33. Bxe4 Rc1+ 34. Kg2 Bxe4+ 35. Rdxe4 Rxe4 36. Rxe4 Kf7 37. Kf3 Rd1 38. Re6 Rxd5 39. Rxa6 Rh5 40. Ra5 Ke6 41. a4 Rf5+ 42. Ke2 bxa4 43. Rxa4 Rh5 44. Re4+ Kd5 45. Kd3 Rxh2 46. Rf4 h6 47. b4 Rh3+ 48. f3 g5 49. Rd4+ Kc6 50. Ke3 Rh2 51. Re4 Kd5 52. Rd4+ Ke6 53. Rc4 h5 54. Rc5 Kf6 55. b5 h4 56. b6 Rb2 57. Rc6+ Kf5 58. Rc5+ Kg6 59. Rc6+ Kh5 60. Kd4 h3 61. Rc7 Rxb6 62. Rc2 Rb4+ 63. Ke3 Rf4 64. Rh2 Kh4 65. Kf2 g4 66. Ke2 g3 0-1

[Event "Nordic Chess-ch 2019"]
[Site "Sarpsborg"]
[Date "2019.06.22"]
[Round "3.28"]
[White "Berisha, Xhafer"]
[Black "Skaar, Ben Samuel Groth"]
[Result "0-1"]
[ECO "A27"]
[WhiteElo "1340"]
[BlackElo "1362"]
[Annotator "NA"]
[PlyCount "137"]
[EventDate "2019.06.21"]
[EventType "swiss"]
[EventCountry "NOR"]
[SourceTitle "playchess.com"]
[Source "ChessBase"]
[SourceQuality "1"]
[TimeControl "40/5400+30:1800+30"]

1. e3 e5 2. c4 Nc6 3. Nc3 g6 4. Nf3 Bg7 5. Be2 Nf6 6. d3 d6 7. Qa4 Bd7 8. Qc2 a6 9. b4 Nxb4 10. Qb3 Nc6 11. O-O Rb8 12. e4 O-O 13. Nd5 Bg4 14. Bg5 Bxf3 15. Bxf3 Nd4 16. Qd1 c6 17. Ne3 Ne6 18. Bh4 Qc7 19. Ng4 Nxg4 20. Bxg4 Nd4 21. Rb1 f5 22. exf5 Nxf5 23. Bg3 Nxg3 24. hxg3 Rf6 25. Bf3 Qd7 26. a4 Rff8 27. Bg4 Qc7 28. Qd2 b5 29. axb5 axb5 30. Be6+ Kh8 31. Qe3 bxc4 32. dxc4 Rxb1 33. Rxb1 Qe7 34. Bg4 d5 35. Qb6 Qf7 36. Rf1 Qe8 37. Ra1 dxc4 38. Rc1 Qf7 39. Rc2 Qd5 40. Re2 e4 41. Qb1 Qd3 42. Qe1 Rb8 43. Qa5 Qd5 44. Qc7 Be5 45. Qe7 h5 46. Bh3 c3 47. Kh2 Rb2 48. Re1 Rxf2 49. Be6 Qd6 50. Qxd6 Bxd6 51. Rxe4 c2 52. Rc4 Ba3 53. Rxc6 c1=Q 54. Rxc1 Bxc1 55. Bd5 Kg7 56. Bf3 Ba3 57. Kh3 Bd6 58. g4 hxg4+ 59. Kxg4 Rc2 60. Ba8 Rc4+ 61. Kf3 g5 62. Be4 Kf6 63. Ke3 Ke5 64. Bg6 Bc5+ 65. Kd3 Rg4 66. Bh5 Rxg2 67. Kc4 Ba7 68. Bf3 Rf2 69. Ba8 0-1

[Event "Nordic Chess-ch 2019"]
[Site "Sarpsborg"]
[Date "2019.06.22"]
[Round "3.29"]
[White "Nordtug, Per Oistein"]
[Black "Strand, Vetle Bjorge"]
[Result "0-1"]
[ECO "E61"]
[WhiteElo "1456"]
[BlackElo "1609"]
[Annotator "NA"]
[PlyCount "116"]
[EventDate "2019.06.21"]
[EventType "swiss"]
[EventCountry "NOR"]
[SourceTitle "playchess.com"]
[Source "ChessBase"]
[SourceQuality "1"]
[TimeControl "40/5400+30:1800+30"]

1. c4 c5 2. g3 g6 3. Bg2 Bg7 4. Nc3 Nc6 5. e3 Nf6 6. Nge2 O-O 7. O-O d6 8. b3 Bf5 9. Bb2 Qd7 10. d4 cxd4 11. exd4 Nb4 12. a3 Nd3 13. Qd2 Nxb2 14. Qxb2 Bh3 15. Rad1 Bxg2 16. Kxg2 Rac8 17. Rfe1 Nh5 18. c5 Qc6+ 19. Kg1 dxc5 20. d5 Qd7 21. Qc2 Rfd8 22. Ne4 Nf6 23. N2c3 b6 24. Qd3 Qf5 25. Nxf6+ Qxf6 26. Ne4 Qf5 27. a4 Bd4 28. Qc4 Qxd5 29. Nd2 Qxc4 30. Nxc4 Kf8 31. Kg2 Bc3 32. Rxd8+ Rxd8 33. Re2 Rd3 34. Re3 Rxe3 35. Nxe3 e6 36. Kf3 Ke7 37. h3 Bd4 38. Nc4 e5 39. Ke2 Ke6 40. Nd2 f5 41. f3 Kd5 42. g4 e4 43. Nb1 Ke5 44. Na3 Kf4 45. fxe4 fxe4 46. Nb5 a6 47. Nc7 Kg3 48. Nxa6 Kxh3 49. g5 Kg4 50. Nc7 Kxg5 51. Nd5 c4 52. bxc4 h5 53. Ne3 h4 54. Nf1 Kf4 55. Nd2 h3 56. Nf1 g5 57. Nh2 g4 58. Nf1 g3 0-1

[Event "Nordic Chess-ch 2019"]
[Site "Sarpsborg"]
[Date "2019.06.22"]
[Round "3.30"]
[White "Kro, Andreas Fuskeland"]
[Black "Kristiansen, Terje"]
[Result "1/2-1/2"]
[ECO "D10"]
[WhiteElo "1565"]
[BlackElo "1330"]
[Annotator "NA"]
[PlyCount "85"]
[EventDate "2019.06.21"]
[EventType "swiss"]
[EventCountry "NOR"]
[SourceTitle "playchess.com"]
[Source "ChessBase"]
[SourceQuality "1"]
[TimeControl "40/5400+30:1800+30"]

1. d4 d5 2. c4 c6 3. Nc3 dxc4 4. e4 b5 5. a4 b4 6. Na2 a5 7. Bxc4 Ba6 8. Bxa6 Nxa6 9. Nf3 e6 10. O-O Nf6 11. Re1 Be7 12. Bf4 O-O 13. Nc1 c5 14. Nb3 c4 15. Nbd2 c3 16. bxc3 bxc3 17. Nb1 Bb4 18. Qc2 Rc8 19. Bg5 Qc7 20. Bc1 Rfd8 21. Na3 Bxa3 22. Bxa3 Nb4 23. Bxb4 axb4 24. Rad1 Qc4 25. Rb1 Rb8 26. Qb3 Rdc8 27. Qxc4 Rxc4 28. Rb3 c2 29. Rc1 Nxe4 30. Ne1 Rbc8 31. f3 Nd2 32. Rb2 b3 33. Kf2 Rxa4 34. Ke2 Rxd4 35. Nd3 Nc4 36. Rxb3 Na5 37. Ra3 Nb7 38. Ra2 Rdc4 39. Kd2 Nd6 40. Raxc2 Rxc2+ 41. Rxc2 Rxc2+ 42. Kxc2 Kf8 43. Kc3 1/2-1/2

[Event "Nordic Chess-ch 2019"]
[Site "Sarpsborg"]
[Date "2019.06.22"]
[Round "3.31"]
[White "Dogani, Avduraim"]
[Black "Holst, Conny"]
[Result "1-0"]
[ECO "B72"]
[WhiteElo "2107"]
[BlackElo "2197"]
[Annotator "ChessBase"]
[PlyCount "97"]
[EventDate "2019.06.21"]
[EventType "swiss"]
[EventCountry "NOR"]
[SourceTitle "playchess.com"]
[Source "ChessBase"]
[SourceQuality "1"]
[TimeControl "40/5400+30:1800+30"]

1. e4 c5 2. Nf3 d6 3. d4 cxd4 4. Nxd4 Nf6 5. Nc3 Nc6 6. Be2 g6 7. Be3 Bg7 8. Qd2 O-O 9. h3 d5 10. exd5 Nxd5 11. Nxd5 Nxd4 12. c4 Nxe2 13. Qxe2 e6 14. Nc3 Qe7 15. O-O b6 16. Rfd1 Bb7 17. Rd2 Rac8 18. Nb5 Bc6 19. Nd4 Bb7 20. Rad1 Rfd8 21. b3 h6 22. Nb5 Ra8 23. Rxd8+ Rxd8 24. Rxd8+ Qxd8 25. Nxa7 Qa8 26. Bxb6 Bxg2 27. Qd3 Bf6 28. c5 Bh1 29. c6 Bxc6 30. Nxc6 Qxc6 31. Be3 Qf3 32. Qf1 g5 33. a4 h5 34. Qg2 Qd1+ 35. Kh2 Qxb3 36. Bxg5 Bxg5 37. Qxg5+ Kf8 38. Qc5+ Kg8 39. a5 Qb8+ 40. Kg2 Qb7+ 41. Kg3 Qb8+ 42. Kf3 Qb3+ 43. Kg2 Qb7+ 44. Kg3 Qb8+ 45. f4 Qb1 46. Kh4 Qe1+ 47. Kxh5 Qe2+ 48. Kh6 f5 49. Qe7 1-0

[Event "Nordic Chess-ch 2019"]
[Site "Sarpsborg"]
[Date "2019.06.22"]
[Round "3.32"]
[White "Ulrichsen, Jarl H"]
[Black "Hauge, Tor Arne"]
[Result "1-0"]
[ECO "A48"]
[WhiteElo "2180"]
[BlackElo "2022"]
[Annotator "ChessBase"]
[PlyCount "138"]
[EventDate "2019.06.21"]
[EventType "swiss"]
[EventCountry "NOR"]
[SourceTitle "playchess.com"]
[Source "ChessBase"]
[SourceQuality "1"]
[TimeControl "40/5400+30:1800+30"]

1. d4 Nf6 2. Nf3 g6 3. Bg5 Bg7 4. e3 O-O 5. Bd3 c5 6. c3 cxd4 7. exd4 Qb6 8. Qb3 Qxb3 9. axb3 d5 10. Nbd2 h6 11. Bf4 Nc6 12. h3 g5 13. Bh2 g4 14. hxg4 Nxg4 15. b4 e5 16. dxe5 Ncxe5 17. Nxe5 Bxe5 18. Bxe5 Nxe5 19. Bc2 Re8 20. O-O Nc4 21. Nxc4 dxc4 22. Rfe1 Rxe1+ 23. Rxe1 Be6 24. f3 a5 25. Ra1 b6 26. Be4 Rb8 27. Kf2 axb4 28. cxb4 Kg7 29. Ra8 Rxa8 30. Bxa8 Kf6 31. Ke3 Ke5 32. f4+ Kd6 33. Kd4 b5 34. Bf3 f5 35. Bh5 Bd7 36. g3 Bc6 37. Bf7 Bb7 38. Bg6 Bc8 39. Be8 Ba6 40. Bf7 Bb7 41. Bg6 Bc8 42. Bh5 Bd7 43. Bf7 Bc6 44. Bg8 Bb7 45. b3 cxb3 46. Bxb3 Bc6 47. Bc2 Bd7 48. Bd3 Be8 49. Bxf5 Bf7 50. Bd3 Be8 51. Be2 Bd7 52. Bh5 Bh3 53. Bf7 Bd7 54. Bh5 Bh3 55. Be2 Bd7 56. Ke4 Be8 57. g4 Bd7 58. f5 Be8 59. Kd4 Bd7 60. Bd1 Bc6 61. Be2 Bd7 62. Bf3 Be8 63. Ke4 Bc6+ 64. Kf4 Be8 65. g5 hxg5+ 66. Kxg5 Ke5 67. f6 Bf7 68. Be2 Be8 69. Bxb5 Bf7 1-0

[Event "Nordic Chess-ch 2019"]
[Site "Sarpsborg"]
[Date "2019.06.22"]
[Round "3.33"]
[White "Eriksson, Kristian"]
[Black "Andersen, Odd"]
[Result "1-0"]
[ECO "B15"]
[WhiteElo "2111"]
[BlackElo "1751"]
[Annotator "ChessBase"]
[PlyCount "60"]
[EventDate "2019.06.21"]
[EventType "swiss"]
[EventCountry "NOR"]
[SourceTitle "playchess.com"]
[Source "ChessBase"]
[SourceQuality "1"]
[TimeControl "40/5400+30:1800+30"]

1. e4 c6 2. d4 d5 3. Nc3 dxe4 4. Nxe4 Nf6 5. Nxf6+ exf6 6. Nf3 Bd6 7. Bd3 O-O 8. O-O Re8 9. h3 Nd7 10. c3 Nf8 11. Be3 Be6 12. Re1 Qd7 13. Nd2 Rad8 14. Qf3 g6 15. Qxf6 Be7 16. Qf3 Bd5 17. Be4 Be6 18. b3 f5 19. Bd3 Bd5 20. Bc4 Bxc4 21. Nxc4 Bf6 22. Bf4 Rxe1+ 23. Rxe1 Re8 24. Rxe8 Qxe8 25. Be5 Nd7 26. Bxf6 Nxf6 27. Qe3 Qd7 28. Ne5 Qd6 29. g4 Nxg4 30. hxg4 fxg4 1-0